 Dungeon Crawl Stone Soup version 0.27-a0-506-g2188dfaaa0 (webtiles) character file.

Game seed: 995471147302709732

3866 Gaff the Covert (level 10, -6/60 HPs)
             Began as a Kobold Brigand on Mar 3, 2021.
             Was an Elder of Uskayaw.
             Mangled by an orc knight
             ... wielding a +0 glaive
              (10 damage)
             ... in a bailey.
             The game lasted 00:31:14 (10566 turns).

Gaff the Covert (Kobold Brigand)                   Turns: 10566, Time: 00:31:15

Health: -6/60      AC: 12    Str: 13 (14) XL:     10   Next: 41%
Magic:  0/10       EV: 19    Int: 11 (13) God:    Uskayaw [****..]
Gold:   564        SH:  0    Dex: 17 (19) Spells: 9/9 levels left

rFire    . . .     SeeInvis +   F - +1 dagger (vamp)
rCold    + . .     Faith    .   (shield restricted)
rNeg     . . .     Spirit   +   z - +1 ring mail of the Ditch-Digger {Rampage Str+5}
rPois    .         Reflect  .   j - +0 helmet
rElec    .         Harm     .   t - +1 cloak
rCorr    .         Rampage  +   (no gloves)
Will     .....                  L - +1 pair of boots
Stlth    +++++.....             q - amulet of guardian spirit
HPRegen  0.20/turn              m - ring of see invisible
MPRegen  0.12/turn              p - ring of protection from cold

@: no status effects
A: small, nightstalker 3
a: Renounce Religion, Stomp, Line Pass


You were in a bailey.
You worshipped Uskayaw.
Uskayaw was noncommittal.
You visited 2 branches of the dungeon, and saw 9 of its levels.
You also visited: Bailey.

You collected 603 gold pieces.
You spent 39 gold pieces at shops.

Inventory:

Hand Weapons
 a - a +2 dagger
 b - a +1 short sword of venom
 F - a +1 vampiric dagger (weapon)
Missiles
 d - 25 poisoned darts (quivered)
 e - 2 curare-tipped darts
 G - 2 throwing nets
 K - 5 boomerangs
Armour
 j - a +0 helmet (worn)
 t - a +1 cloak (worn)
 z - the +1 ring mail of the Ditch-Digger (worn) {Rampage Str+5}
   (You found it on level 8 of the Dungeon)

   It affects your strength (+5).
   It bestows one free step when moving towards enemies.
 L - a +1 pair of boots (worn)
Jewellery
 m - a ring of see invisible (left hand)
 p - a ring of protection from cold (right hand)
 q - an amulet of guardian spirit (around neck)
Wands
 C - a wand of flame (19)
 E - a wand of digging (4)
Scrolls
 c - 2 scrolls of noise {unknown}
 h - 2 scrolls of immolation
 s - 2 scrolls of teleportation {unknown}
 x - a scroll of blinking
 y - 3 scrolls of amnesia {unknown}
 J - a scroll of torment {unknown}
Potions
 f - 6 potions of curing
 g - 2 potions of invisibility
 i - a potion of degeneration
 k - 2 potions of attraction
 l - a potion of might
 n - a potion of experience {unknown}
 r - a potion of cancellation
 u - a potion of brilliance
 v - a potion of magic
 w - 2 potions of flight {unknown}
 A - a potion of attraction
 D - a potion of haste
 H - 4 potions of heal wounds {unknown}


   Skills:
 + Level 5.9 Fighting
 - Level 10.0 Short Blades
 - Level 2.5 Throwing
 + Level 3.9 Armour
 * Level 9.6 Dodging
 - Level 10.0 Stealth
 + Level 0.5 Evocations


You had 9 spell levels left.
You didn't know any spells.
Your spell library contained the following spells:

 Spells                   Type           Power        Failure   Level
 Sandblast                Erth           0%           58%         1
 Summon Small Mammal      Summ           0%           58%         1
 Call Imp                 Summ           0%           73%         2
 Passwall                 Tmut/Erth      0%           73%         2
 Call Canine Familiar     Summ           0%           91%         3
 Stone Arrow              Conj/Erth      0%           91%         3
 Summon Guardian Golem    Hex/Summ       0%           91%         3
 Petrify                  Tmut/Erth      0%           100%        4
 Summon Ice Beast         Ice/Summ       0%           100%        4
 Summon Lightning Spire   Summ/Air       0%           100%        4
 Lee's Rapid Deconstruct  Erth           0%           100%        5


Dungeon Overview and Level Annotations

Branches:
Dungeon (8/15)             Temple (1/1) D:4            Lair (0/6) D:8
 Bailey (1/1)

Altars:
Ashenzari
Cheibriados
Dithmenos
Elyvilon
Fedhas
Gozag
Hepliaklqana
Kikubaaqudgha
Makhleb
Nemelex Xobeh
Okawaru
Qazlal
Ru
Sif Muna
Trog
Uskayaw
Vehumet
Wu Jian
Xom
Yredelemnul
Zin
The Shining One

Shops:
D:4 !   D:5 (   D:8 *


Innate Abilities, Weirdness & Mutations

You are small and have problems with some larger weapons.
You are completely attuned to the shadows.


Message History

The orc knight is moderately wounded.
You closely miss the orc knight.
The orc knight is moderately wounded.
You barely miss the orc knight.
The orc knight is moderately wounded.
The orc knight completely misses you.
You hit the orc knight but do no damage.
The orc knight is moderately wounded.
You completely miss the orc knight.
The orc knight is moderately wounded.
The orc knight hits you with a +0 glaive!
You hit the orc knight but do no damage.
The orc knight is moderately wounded.
You hit the orc knight but do no damage.
The orc knight is moderately wounded.
You hit the orc knight but do no damage.
The orc knight is moderately wounded.
The orc knight hits you with a +0 glaive.
You hit the orc knight.
The orc knight is moderately wounded.
You closely miss the orc knight.
The orc knight is moderately wounded.
You hit the orc knight but do no damage.
The orc knight is moderately wounded.
The orc knight hits you with a +0 glaive!!
* * * LOW HITPOINT WARNING * * *
The orc knight roars a battlecry!
The orc goes into a battle-frenzy!
Uskayaw links your audience in an emotional bond!
There is an open door here.
Things that are here:
a +0 hand axe; an orc skeleton
Things that are here:
a +0 spear; an orc corpse It was a potion of degeneration.
There was something very wrong with that liquid.
You feel weakened.
You feel dopey.
You feel clumsy.
The orc knight is no longer sharing its pain.
The orc knight hits you from afar with a +0 glaive!
You die...

# ####### ############
#########.....## ##........∩.#
.#.....#.......######............
.'...).'....o..#)...#.))...).))..
)'....)'....).o)@...).))).....).∩
.'.....'.)....)#....#.)).........
)#.....#.......######..).........
#########.....## ##........∩.# #
####### ############


You could see an orc knight and an orc (strong, pain bonded).

Vanquished Creatures
  An orc knight (Bailey)
  Grinder (D:3)
  6 orc warriors
  4 ogres
  3 sky beasts
  2 centaurs
  Blork the orc (D:6)
  6 bullfrogs
  An oklob sapling (D:4)
  2 wights (D:4)
  2 howler monkeys
  3 centaur skeletons
  6 hounds
  A jelly (D:6)
  Crazy Yiuf (D:2)
  4 orc priests
  2 bullfrog skeletons
  2 iguanas
  7 orc wizards
  7 worker ants
  8 gnolls
  A howler monkey skeleton (D:6)
  9 adders
  2 shadow imps
  3 ufetubi
  3 dart slugs
  4 worms
  6 leopard geckos
  51 orcs
  2 ball pythons
  4 giant cockroaches
  12 goblins
  5 hobgoblins
  6 jackals
  A quokka (D:5)
  5 bats
  11 frilled lizards
  A giant cockroach zombie (D:5)
  5 kobolds
  A leopard gecko skeleton (D:6)
  4 rats
206 creatures vanquished.

Vanquished Creatures (others)
  7 plants (D:4)
7 creatures vanquished.

Grand Total: 213 creatures vanquished

Notes
Turn   | Place    | Note
-------+----------+-------------------------------------------
     0 | D:1      | Gaff the Kobold Brigand began the quest for the Orb.
     0 | D:1      | Reached XP level 1. HP: 12/12 MP: 1/1
   344 | D:1      | Reached XP level 2. HP: 5/17 MP: 2/2
  1007 | D:1      | Reached XP level 3. HP: 22/22 MP: 3/3
  1592 | D:2      | Found a stormy altar of Qazlal.
  1710 | D:2      | Reached XP level 4. HP: 22/27 MP: 4/4
  2050 | D:2      | Found a runed translucent door.
  2053 | D:2      | Noticed Crazy Yiuf
  2062 | D:2      | Killed Crazy Yiuf
  2313 | D:2      | Found a shimmering altar of Xom.
  2408 | D:2      | Reached XP level 5. HP: 31/31 MP: 5/5
  2529 | D:2      | Found a glowing silver altar of Zin.
  2928 | D:3      | Found a bloodstained altar of Trog.
  2940 | D:3      | Found a blossoming altar of Fedhas.
  2947 | D:3      | Found an ornate altar of the Wu Jian Council.
  2961 | D:3      | Found a shadowy altar of Dithmenos.
  2968 | D:3      | Found a hide-covered altar of Uskayaw.
  2973 | D:3      | Became a worshipper of Uskayaw the Reveller
  3099 | D:3      | Noticed Grinder
  3103 | D:3      | Reached * piety under Uskayaw
  3106 | D:3      | Reached ** piety under Uskayaw
  3110 | D:3      | Paralysed by Grinder for 5 turns
  3113 | D:3      | Killed Grinder
  3114 | D:3      | Reached skill level 1 in Armour
  3114 | D:3      | Reached XP level 6. HP: 16/36 MP: 2/6
  3604 | D:4      | Reached XP level 7. HP: 40/40 MP: 7/7
  3610 | D:4      | Reached *** piety under Uskayaw
  3779 | D:4      | Reached skill level 5 in Short Blades
  3913 | D:4      | Identified the +5 whip of a bailey {drain, rC+ MP+9 Stlth+}
  5260 | D:4      | Reached XP level 8. HP: 45/46 MP: 8/8
  5705 | D:4      | Reached skill level 5 in Dodging
  5900 | D:4      | Found Zinilasa's Distillery.
  5925 | D:4      | Bought a potion of attraction for 39 gold pieces
  5947 | D:4      | Found a staircase to the Ecumenical Temple.
  6027 | Temple   | Entered the Ecumenical Temple
  6395 | D:5      | Entered Level 5 of the Dungeon
  6963 | D:5      | Found Fusihef's Weapon Boutique.
  7432 | D:5      | Reached XP level 9. HP: 52/52 MP: 9/9
  8200 | D:6      | Noticed Blork the orc
  8203 | D:6      | Killed Blork the orc
  8204 | D:6      | Reached skill level 10 in Stealth
  8667 | D:6      | Identified the +4 hand axe "Qeoter" {pain, Str+3}
  8810 | D:7      | Found an iron altar of Okawaru.
  9010 | D:7      | Reached skill level 5 in Fighting
  9848 | D:7      | Reached XP level 10. HP: 57/59 MP: 10/10
 10100 | D:8      | Identified the +1 ring mail of the Ditch-Digger {Rampage
                  | Str+5}
 10102 | D:8      | Found Mamoti's Assorted Antiques.
 10156 | D:8      | Found a flagged portal.
 10200 | Bailey   | Entered a bailey
 10516 | Bailey   | Noticed an orc knight
 10516 | Bailey   | Noticed an orc knight
 10545 | Bailey   | Killed an orc knight
 10545 | Bailey   | Reached **** piety under Uskayaw
 10546 | Bailey   | Reached skill level 10 in Short Blades
 10562 | Bailey   | HP: 3/60 [orc knight/+0 glaive (16)]
 10566 | Bailey   | Mangled by an orc knight

Illustrated notes

Levels and vault maps discovered:
D:1:      minmay_arrival_jagged, layout_loops_ring
D:2:      layout_loops_corners, grunt_qazlal_sundering,
          lemuel_coloured_pillars_altar, lemuel_round_altar, st_stairs_11,
          uniq_crazy_yiuf_cottage
D:3:      layout_rooms, minmay_overflow_temple_star_hex, uniq_grinder
D:4:      layout_rooms, minmay_temple_entry_oklob, serial_shops, shop,
          minmay_joined_circles
D:5:      layout_basic, serial_shops, nicolae_shop_statue_plus, st_stairs_7
D:6:      layout_rooms, nrook_loot_triangle, interstate_on_off,
          uniq_blork_the_orc
D:7:      layout_cave_pools, chequers_serial_rivers_small_b,
          minmay_misc_feat_nine_boxes, okawaru_metal_pillars_3
D:8:      layout_loops_ring, dpeg_lair_monsters, serial_shops,
          nicolae_shop_crystal, nicolae_shop_trees,
          nicolae_shop_competitors_out_of_business, enter_bailey_3, uniq_grum
Temple:   dpeg_chambers_temple
Bailey:   bailey_polearm_5, bailey

Skill      XL: |  1  2  3  4  5  6  7  8  9 10 |
---------------+-------------------------------+-----
Stealth        | 6 7 8 9 10 | 10.0
Short Blades   | 3 4 5 7 9 10 | 10.0
Dodging        | 2 3 4 5 8 9 |  9.6
Armour         | 1 2 3 |  3.9
Fighting       | 3 4 5 |  5.9
Throwing       | |  2.5
Evocations     | |  0.5

Action                   |  1- 3 |  4- 6 |  7- 9 | 10-12 || total
-------------------------+-------+-------+-------+-------++-------
Melee: Dagger            |   118 |       |   130 |    60 ||   308
       Short sword       |       |    59 |   398 |    70 ||   527
Throw: Boomerang         |       |       |     6 |       ||     6
       Dart              |       |       |    17 |       ||    17
Invok: Stomp             |       |       |     4 |       ||     4
Evoke: Wand              |       |       |       |     5 ||     5
  Use: Scroll            |       |       |     8 |     2 ||    10
       Potion            |       |       |     1 |     5 ||     6
 Stab: Sleeping          |     8 |    15 |    31 |     2 ||    56
       Distracted        |       |       |     2 |     1 ||     3
       Paralysed         |       |       |     2 |     2 ||     4
       Invisible         |       |       |       |     3 ||     3
Armor: Robe              |     2 |       |       |       ||     2
       Leather armour    |    29 |     9 |    68 |     4 ||   110
       Ring mail         |       |       |       |    17 ||    17
Dodge: Dodged            |    79 |    37 |   389 |   185 ||   690

Table legend: (Time is in decaauts)
 A = Elapsed time spent in this place.
 B = Non-inter-level travel time spent in this place.
 C = Inter-level travel time spent in this place.
 D = Time resting spent in this place.
 E = Time spent auto-exploring this place.
 F = Levels seen in this place.
 G = Mean time per level.
                   A        B        C        D        E       F      G
               +--------+--------+--------+--------+--------+-----+--------+
         Total |  10345 |   9931 |    414 |   2461 |   4986 |  10 | 1034.5 |
       Dungeon |   9673 |   9285 |    388 |   2381 |   4615 |   8 | 1209.1 |
        Temple |    351 |    325 |     26 |      0 |    324 |   1 |  351.0 |
        Bailey |    320 |    320 |      0 |     80 |     47 |   1 |  320.0 |
               +--------+--------+--------+--------+--------+-----+--------+

Top non-repeatable levels by time:
     D:2: 1679 daAuts
     D:4: 1609 daAuts
     D:6: 1532 daAuts
     D:3: 1430 daAuts
     D:1: 1354 daAuts
     D:5: 1234 daAuts
     D:7: 725 daAuts
  Temple: 351 daAuts
  Bailey: 320 daAuts
     D:8: 107 daAuts
